 Dungeon Crawl Stone Soup version 0.28.0-53-g5a82cb258f (webtiles) character file.

Game seed: 13731259533987727757

5141 Zeld the Ogre Mage (level 10, -14/106 HPs)
             Began as an Ogre Transmuter on June 7, 2022.
             Was an Initiate of Gozag.
             Demolished by a two-headed ogre
             ... wielding a +0 giant club
              (20 damage)
             ... on level 9 of the Dungeon.
             The game lasted 00:09:50 (14351 turns).

Zeld the Ogre Mage (Ogre Transmuter)               Turns: 14351, Time: 00:09:52

Health: -14/106    AC:  2    Str: 20    XL:     10   Next: 58%
Magic:  23/24      EV: 19    Int: 14    God:    Gozag
Gold:   639        SH:  0    Dex: 14    Spells: 20/30 levels left

rFire   . . .      SeeInvis .     - Unarmed
rCold   . . .      Faith    .   (shield currently unavailable)
rNeg    . . .      Spirit   .   (armour currently unavailable)
rPois   x          Reflect  .   (helmet currently unavailable)
rElec   .          Harm     .   (cloak currently unavailable)
rCorr   .          Rampage  .   (gloves unavailable)
Will    ++...                   (boots unavailable)
Stlth   ++........              (no amulet)
HPRegen 0.27/turn               h - ring of willpower
MPRegen 0.19/turn               (no ring)

@: spider-form
A: venomous fangs, tiny, unfitting armour, (tough skin 1)
a: End Transformation, Renounce Religion, Potion Petition, Call Merchant, Bribe
Branch


You were on level 9 of the Dungeon.
You worshipped Gozag.
Gozag was pleased with you.
You were a venomous arachnid creature.
You visited 2 branches of the dungeon, and saw 10 of its levels.

You collected 1439 gold pieces.
You spent 356 gold pieces at shops.
You paid 444 gold pieces to Gozag.

Inventory:

Armour
 a - a +0 robe (melded)
Jewellery
 h - a ring of willpower (left front leg)
 k - a +4 ring of protection
Wands
 e - a wand of paralysis (6)
 s - a wand of digging (12)
 t - a wand of flame (10)
Scrolls
 d - a scroll of enchant weapon
 i - a scroll of enchant armour
 l - a scroll of holy word
 m - a scroll of silence
 u - 4 scrolls of teleportation
 w - a scroll of blinking {unknown}
Potions
 b - 3 potions of flight {unknown}
 c - 2 potions of degeneration {unknown}
 f - 2 potions of curing
 g - 2 potions of berserk rage {unknown}
 j - a potion of magic {unknown}
 n - a potion of attraction {unknown}
 o - 2 potions of brilliance {unknown}
 p - 3 potions of lignification {unknown}
 q - a potion of mutation {unknown}
 r - 2 potions of heal wounds {unknown}
 v - 2 potions of haste {unknown}


   Skills:
 + Level 8.8 Fighting
 + Level 2.1 Dodging
 + Level 0.9 Stealth
 - Level 2.6 Unarmed Combat
 * Level 10.5 Spellcasting
 * Level 8.8 Transmutations
 - Level 2.0 Ice Magic
 - Level 2.0 Poison Magic


You had 20 spell levels left.
You knew the following spells:

 Your Spells              Type           Power      Damage    Failure   Level
a - Beastly Appendage     Tmut           64%        N/A       2%          1
b - Wereblood             Tmut           32%        N/A       3%          2
c - Spider Form           Tmut/Pois      22%        N/A       11%         3
d - Ice Form              Ice/Tmut       22%        N/A       26%         4

Your spell library contained the following spells:

 Spells                   Type           Power      Damage    Failure   Level


Dungeon Overview and Level Annotations

Branches:
Dungeon (9/15)             Temple (1/1) D:6            Lair (0/6) D:8
    Orc: D:9-12

Altars:
Ashenzari
Cheibriados
Dithmenos
Elyvilon
Fedhas
Gozag
Hepliaklqana
Kikubaaqudgha
Makhleb
Nemelex Xobeh
Qazlal
Ru
Trog
Uskayaw
Vehumet
Wu Jian
Xom
Yredelemnul
Zin
The Shining One

Shops:
D:2 [   D:6 *   D:7 (

Annotations:
D:3 1 runed translucent door, SanguineChosen's ghost, weakling GrEE
D:5 3 runed translucent doors, Zeld's ghost, amateur DrTm
D:6 3 runed translucent doors, Sin92's ghost, novice DsFi; Zeld's ghost, amateur OgFE; osinmv's ghost, novice DEEE


Innate Abilities, Weirdness & Mutations

You are a venomous arachnid creature.
You have poisonous fangs.
You are tiny and dextrous.
Your spellcasting is less reliable in this form.
Your armour is entirely melded.
You are incapable of wielding weapons or throwing items.
You are too large for most types of armour.
((You have tough skin. (AC +1)))


Message History

The steam dragon breathes steam at you. The ball of steam hits you!
You hit the steam dragon but do no damage.
The steam dragon looks as sick as possible!
The steam dragon is moderately wounded.
The steam dragon completely misses you. The steam dragon misses you.
The steam dragon bites you but does no damage.
The steam dragon completely misses you.
The helpless two-headed ogre fails to defend itself.
You hit the two-headed ogre.
The two-headed ogre is poisoned.
The two-headed ogre is lightly wounded.
The steam dragon misses you. x2
The helpless two-headed ogre fails to defend itself.
You hit the two-headed ogre but do no damage.
The two-headed ogre is lightly wounded.
The steam dragon breathes steam at you. The ball of steam misses you.
The helpless two-headed ogre fails to defend itself.
You hit the two-headed ogre but do no damage.
The two-headed ogre looks as sick as possible!
The two-headed ogre is lightly wounded.
You are engulfed in a cloud of scalding steam.
The two-headed ogre is no longer paralysed.
The two-headed ogre closely misses you. The two-headed ogre misses you.
The steam dragon completely misses you. The steam dragon claws you.
You hit the two-headed ogre.
The two-headed ogre looks as sick as possible!
The two-headed ogre is lightly wounded.
You are engulfed in a cloud of scalding steam.
The two-headed ogre closely misses you.
The two-headed ogre hits you with a +0 giant club!!
The steam dragon completely misses you. x2
You bite the two-headed ogre!
The two-headed ogre is moderately wounded.
You are engulfed in a cloud of scalding steam.
The two-headed ogre hits you with a +0 giant club!!
* * * LOW HITPOINT WARNING * * *
The two-headed ogre hits you with a +0 giant club!!
You die...
Your body crumbles into a pile of gold.

.......#o##.#
.......#.##.#
.......[.##.#
...###+#....#########
#.........).....####
#.........)<....#..#
#..........)....'..# $
#........)......####
#........§.§sD..####
#............O..#..#
+...............#..#
#....#########..#..#
#....#########..#..#
#.......O.......#..#
#####......D........'.##
........##########'##.##
...###..#..............#


You could see a two-headed ogre (extremely poisoned) and a steam dragon (very
poisoned, catching breath).

Vanquished Creatures
  Harold (D:7)
  Pikel (D:4)
  2 orc sorcerers
  A komodo dragon (D:8)
  A wraith (D:8)
  An acid dragon (D:7)
  A water moccasin (D:7)
  4 orc warriors
  2 necrophages
  2 ogres
  2 ice beasts
  A centaur (D:7)
  2 kobold brigands
  A phantom (D:5)
  Blork the orc (D:4)
  A bullfrog (D:7)
  A wyvern zombie (D:6)
  4 scorpions
  A wyvern skeleton (D:7)
  6 wights
  A jelly (D:6)
  4 hounds
  An orc priest (D:8)
  2 bullfrog skeletons (D:6)
  A centaur skeleton (D:7)
  A gnoll shaman (D:9)
  2 iguanas
  4 orc wizards
  A killer bee zombie (D:6)
  Robin (D:4)
  A howler monkey zombie (D:8)
  10 gnolls
  A howler monkey skeleton (D:6)
  3 adders
  6 river rats (D:6)
  2 worms (D:3)
  2 dart slugs
  22 orcs
  4 ball pythons
  7 bats
  6 endoplasms
  6 giant cockroaches
  15 goblins
  9 hobgoblins
  6 jackals
  17 kobolds
  11 quokkas
  2 frilled lizards (D:3)
  16 rats
200 creatures vanquished.

Vanquished Creatures (others)
  A goblin (D:4)
  6 plants (D:8)
7 creatures vanquished.

Grand Total: 207 creatures vanquished

Notes
Turn   | Place    | Note
-------+----------+-------------------------------------------
     0 | D:1      | Zeld the Ogre Transmuter began the quest for the Orb.
     0 | D:1      | Reached XP level 1. HP: 19/19 MP: 3/3
   183 | D:1      | Reached XP level 2. HP: 23/28 MP: 3/5
   276 | D:1      | Learned a level 2 spell: Wereblood
   348 | D:1      | Found a faded altar of an unknown god.
  1080 | D:2      | Reached skill level 3 in Spellcasting
  1137 | D:2      | Reached XP level 3. HP: 28/35 MP: 7/7
  1151 | D:2      | Learned a level 3 spell: Spider Form
  1382 | D:2      | Found Ovvot's Armour Boutique.
  1995 | D:2      | Reached XP level 4. HP: 42/44 MP: 7/9
  2159 | D:3      | Found an opulent altar of Gozag.
  2174 | D:3      | Became a worshipper of Gozag Ym Sagoz the Greedy
  2962 | D:3      | Learned a level 4 spell: Ice Form
  3258 | D:3      | Found a runed translucent door.
  3260 | D:3      | Noticed SanguineChosen's ghost (weakling GrEE)
  3818 | D:4      | Noticed a lemure
  3818 | D:4      | Noticed a lemure
  3818 | D:4      | Noticed a lemure
  3818 | D:4      | Noticed a lemure
  3819 | D:4      | Noticed Pikel
  3928 | D:4      | Reached skill level 1 in Poison Magic
  3928 | D:4      | Reached XP level 5. HP: 40/52 MP: 10/10
  4238 | D:4      | Reached skill level 4 in Spellcasting
  4488 | D:4      | Noticed Blork the orc
  4499 | D:4      | Killed Blork the orc
  4500 | D:4      | Reached skill level 1 in Ice Magic
  4500 | D:4      | Reached XP level 6. HP: 61/61 MP: 9/12
  5010 | D:4      | Killed Pikel
  5011 | D:4      | Reached skill level 5 in Spellcasting
  5011 | D:4      | Reached XP level 7. HP: 27/71 MP: 7/15
  5263 | D:4      | Reached XP level 8. HP: 79/79 MP: 13/16
  5388 | D:4      | Noticed Robin
  5412 | D:4      | Killed Robin
  5623 | D:4      | Reached skill level 5 in Fighting
  5623 | D:4      | Reached skill level 6 in Spellcasting
  5623 | D:4      | Reached skill level 5 in Transmutations
  5978 | D:5      | Entered Level 5 of the Dungeon
  6021 | D:5      | Found a runed translucent gate.
  6021 | D:5      | Found a runed translucent gate.
  6021 | D:5      | Found a runed translucent gate.
  6022 | D:5      | Noticed Zeld's ghost (amateur DrTm)
  6750 | D:6      | Reached skill level 7 in Spellcasting
  7105 | D:6      | Found a staircase to the Ecumenical Temple.
  7157 | D:6      | Reached XP level 9. HP: 90/91 MP: 16/20
  7175 | Temple   | Entered the Ecumenical Temple
  7413 | D:6      | Found a runed translucent gate.
  7414 | D:6      | Found a runed translucent gate.
  7415 | D:6      | Found a runed translucent gate.
  7416 | D:6      | Noticed Sin92's ghost (novice DsFi)
  7416 | D:6      | Noticed osinmv's ghost (novice DEEE)
  7417 | D:6      | Noticed Zeld's ghost (amateur OgFE)
  8464 | D:6      | Bought a red potion for 22 gold pieces
  8464 | D:6      | Bought an emerald potion for 22 gold pieces
  8464 | D:6      | Bought a scroll of teleportation for 75 gold pieces
  8464 | D:6      | Bought a crude arbalest for 237 gold pieces
  8464 | D:6      | Identified the +0 arbalest of Murokh {flame, rF+} (You
                  | bought it in a shop on level 6 of the Dungeon)
  8496 | D:7      | Found Jeun's Antique Weapon Shoppe.
  8507 | D:7      | Reached skill level 8 in Spellcasting
 10077 | D:7      | Noticed Harold
 10638 | D:7      | Killed Harold
 10639 | D:7      | Reached skill level 9 in Spellcasting
 10639 | D:7      | Reached XP level 10. HP: 17/104 MP: 21/23
 11135 | D:8      | Noticed an orc sorcerer
 11139 | D:8      | Noticed an orc sorcerer
 11140 | D:8      | Paralysed by an orc sorcerer for 3 turns
 11144 | D:8      | Noticed a rust devil
 11146 | D:8      | Noticed a rust devil
 11987 | D:7      | Killed an orc sorcerer
 12128 | D:8      | Reached skill level 10 in Spellcasting
 12141 | D:8      | Killed an orc sorcerer
 12865 | D:8      | Found a staircase to the Lair.
 14313 | D:9      | Noticed a two-headed ogre
 14351 | D:9      | Demolished by a two-headed ogre

Illustrated notes

Levels and vault maps discovered:
D:1:      minmay_arrival_checkered_box, layout_basic,
          hellmonk_ecumenical_altar_inner_sanctum, grunt_decor_fettered
D:2:      layout_basic, serial_shops, shop_fountains
D:3:      layout_loops_corners, mainiacjoe_overflow_alcove_1,
          ebering_ghost_reflecting_pool, serial_bayou_pond_a
D:4:      layout_loops_corners, uniq_robin, uniq_blork_the_orc, uniq_pikel
D:5:      layout_cave_pools, ebering_ghost_rock_garden
D:6:      lemuel_ratsnest, layout_cave_pools, minmay_temple_entry_overgrown,
          gammafunk_ghost_cemetery
D:7:      layout_gridville, serial_shops, shop_fountains, uniq_harold
D:8:      cheibrodos_wizards_tower, layout_basic, david_lair_shrubbed
D:9:      layout_stronghold, minitemple, serial_shops, kennysheep_little_box
Temple:   mainiacjoe_temple_bowtie_tessellation

Skill      XL: |  1  2  3  4  5  6  7  8  9 10 |
---------------+-------------------------------+-----
Transmutations | 2 3 4 6 7 8 |  8.8
Fighting       | 2 3 4 6 7 8 |  8.8
Spellcasting   | 3 4 5 7 9 10 | 10.5
Poison Magic   | 1 2 |  2.0
Ice Magic      | 1 2 |  2.0
Dodging        | 2 |  2.1
Stealth        | |  0.9
Unarmed Combat | |  2.6

Action                   |  1- 3 |  4- 6 |  7- 9 | 10-12 || total
-------------------------+-------+-------+-------+-------++-------
Melee: Unarmed           |   116 |    58 |   269 |   136 ||   579
       Kick              |    14 |     4 |       |       ||    18
       Punch             |     4 |     5 |       |       ||     9
       Headbutt          |    10 |     3 |       |       ||    13
       Dagger            |       |   101 |       |       ||   101
 Cast: Beastly Appendage |    24 |     5 |       |       ||    29
       Spider Form       |       |     5 |    16 |    11 ||    32
       Ice Form          |       |       |    19 |     5 ||    24
       Wereblood         |       |       |     4 |     1 ||     5
Invok: Call Merchant     |       |       |     1 |       ||     1
Evoke: Wand              |       |       |     5 |     1 ||     6
  Use: Scroll            |       |       |    11 |       ||    11
       Potion            |       |       |       |     5 ||     5
 Stab: Paralysed         |       |       |       |     3 ||     3
Armor: Robe              |    51 |    31 |     6 |     1 ||    89
       Skin              |       |       |    36 |    16 ||    52
Dodge: Dodged            |    73 |    85 |   162 |   104 ||   424
